 Dungeon Crawl Stone Soup version 0.28-a0-819-g6ef7baa362 (webtiles) character file.

Game seed: 6451103348293851672

3 croobank the Vexing (level 1, 0/7 HPs)
             Began as a Felid Enchanter on Nov 9, 2021.
             Slain by a hobgoblin (4 damage)
             ... on level 1 of the Dungeon.
             The game lasted 00:01:01 (144 turns).

croobank the Vexing (Felid Enchanter)                Turns: 144, Time: 00:01:01

Health: 0/7        AC:  1    Str:  4    XL:     1   Next: 41%
Magic:  4/4        EV: 17    Int: 16    God:
Gold:   17         SH:  0    Dex: 16    Spells: 4/4 levels left
                                        Lives:  0   Deaths: 0

rFire   . . .      SeeInvis +     - Unarmed
rCold   . . .      Faith    .   (shield unavailable)
rNeg    . . .      Spirit   .   (armour unavailable)
rPois   .          Reflect  .   (helmet unavailable)
rElec   .          Harm     .   (cloak unavailable)
rCorr   .          Rampage  .   (gloves unavailable)
Will    .....                   (boots unavailable)
Stlth   +++.......              (no amulet)
HPRegen 0.02/turn               (no ring)
MPRegen 0.09/turn               (no ring)

@: quick
A: very small, claws 1, fangs 3, see invisible, speed 1, shaggy fur 1, stealthy
paws, no weapons or thrown items, no armour, multi-lived
a: no special abilities


You were on level 1 of the Dungeon.
You visited 1 branch of the dungeon, and saw 1 of its levels.

You collected 17 gold pieces.

Inventory:

Jewellery
 d - a ring of protection from cold
Potions
 a - a potion of invisibility
 b - a potion of heal wounds {unknown}
 c - a potion of haste {unknown}


   Skills:
 + Level 2.6 Dodging
 + Level 4.1 Stealth
 + Level 1.0 Unarmed Combat
 + Level 2.0 Spellcasting
 + Level 4.6 Hexes


You had 4 spell levels left.
You didn't know any spells.
Your spell library contained the following spells:

 Spells                   Type           Power      Damage    Failure   Level
 Confusing Touch          Hex            16%        N/A       10%         3
 Tukima's Dance           Hex            16%        N/A       10%         3
 Ensorcelled Hibernation  Hex/Ice        18%        N/A       12%         2
 Dazzling Flash           Conj/Hex       18%        N/A       24%         3


Dungeon Overview and Level Annotations

Branches:
Dungeon (1/15)

Altars:


Innate Abilities, Weirdness & Mutations

You have sharp claws.
You have razor-sharp teeth.
You have supernaturally acute eyesight. (SInv)
You cover ground quickly. (Speed+)
You are covered in fur. (AC +1)
Your paws help you pounce on unaware monsters.
You are incapable of wielding weapons or throwing items.
You cannot wear armour.
You gain extra lives every three experience levels.


Message History

Found a ring mail.
An endoplasm comes into view.
The helpless endoplasm fails to defend itself.
You claw the endoplasm!
You kill the endoplasm!
A kobold comes into view. It is wielding a +0 short sword.
You pounce on the unaware helpless kobold!
You claw the kobold!
You kill the kobold!
Things that are here:
a +0 short sword; 4 stones
Found a scroll labelled LYK MECLUKKAXT.
You aren't carrying any scrolls.
d - a scroll labelled LYK MECLUKKAXT
As you read the scroll labelled LYK MECLUKKAXT, it crumbles to dust.
You assume a fearsome visage.
Nothing appears to happen.
It was a scroll of fear.
You now have 7 gold pieces.
d - a ring of protection from cold
Found 8 stones.
e - a scroll labelled WEEC ODWOI Blink to where?
Press: ? - help, Dir - move target
As you read the scroll labelled WEEC ODWOI, it crumbles to dust.
It was a scroll of blinking.
You now have 17 gold pieces (gained 10).
Found two stone staircases leading down.
A goblin comes into view. It is wielding a +0 dagger.
A bat and a hobgoblin come into view.
The goblin hits you with a +0 dagger.
You scratch the goblin.
You kill the goblin!
You see here a +0 dagger.
A jackal comes into view.
A dart slug comes into view.
The jackal barks!
You hear a bark! x2
A jackal comes into view.
You barely miss the hobgoblin. The hobgoblin hits you.
Ouch! That really hurt!
You die...

...........#
#..#
##.#####..##
#..#
##..#######
#..#
#..(.......
#..# #...######
#...# #...#
#>..#######..##
#.#....@ghh...#
#.#)###.###...#
#.#.# ...# #
#..........
...##.w.##.
#.....b... ..
...b....... .
##.#.###....
#....


You could see a dart slug, 2 jackals, a hobgoblin and a bat.

Vanquished Creatures
  An endoplasm (D:1)
  A goblin (D:1)
  A kobold (D:1)
3 creatures vanquished.

Notes
Turn   | Place    | Note
-------+----------+-------------------------------------------
     0 | D:1      | croobank the Felid Enchanter began the quest for the Orb.
     0 | D:1      | Reached XP level 1. HP: 7/7 MP: 4/4
   144 | D:1      | Slain by a hobgoblin

Illustrated notes

Levels and vault maps discovered:
D:1:      dpeg_arrival_shelter, layout_loops_ring

Action                   || total
-------------------------++-------
Melee: Unarmed           ||     4
  Use: Scroll            ||     3
 Stab: Sleeping          ||     2

Table legend: (Time is in decaauts)
 A = Elapsed time spent in this place.
 B = Non-inter-level travel time spent in this place.
 C = Inter-level travel time spent in this place.
 D = Time resting spent in this place.
 E = Time spent auto-exploring this place.
 F = Levels seen in this place.
 G = Mean time per level.
                   A        B        C        D        E       F      G
               +--------+--------+--------+--------+--------+-----+--------+
         Total |    118 |    118 |      0 |      0 |     73 |   1 |  118.0 |
       Dungeon |    118 |    118 |      0 |      0 |     73 |   1 |  118.0 |
               +--------+--------+--------+--------+--------+-----+--------+

Top non-repeatable levels by time:
     D:1: 118 daAuts
